 Dungeon Crawl Stone Soup version 0.30-a0-672-gc3a7216ad8 (webtiles) character file.

Game seed: 18341335965517753267

946 Absynth the Covert (level 8, 0/44 HPs)
             Began as a Kobold Brigand on Jan 18, 2023.
             Was an Initiate of Dithmenos.
             Killed from afar by an orc wizard (9 damage)
             ... with a puff of flame
             ... on level 6 of the Dungeon.
             The game lasted 00:15:54 (6076 turns).

Absynth the Covert (Kobold Brigand)                 Turns: 6076, Time: 00:15:54

Health: 0/44       AC:  4    Str: 14    XL:     8   Next: 35%
Magic:  8/8        EV: 17    Int: 15    God:    Dithmenos [......]
Gold:   258        SH:  0    Dex: 16    Spells: 7/7 levels left

rFire   . . .      SeeInvis .    u - +2 dagger (vamp)
rCold   . . .      Faith    .    (no shield)
rNeg    + . .      Spirit   .    b - +0 robe
rPois   .          Reflect  .    (no helmet)
rElec   .          Harm     .    c - +1 cloak
rCorr   .          Rampage  .    (no gloves)
Will    .....                    (no boots)
Stlth   +++++                    (no amulet)
HPRegen 0.27/turn                r - ring of positive energy
MPRegen 0.11/turn                s - +6 ring of strength

@: no status effects
A: small, no large weapons, nightstalker 3
a: Renounce Religion


You were on level 6 of the Dungeon.
You worshipped Dithmenos.
Dithmenos was noncommittal.
You visited 2 branches of the dungeon, and saw 7 of its levels.

You collected 258 gold pieces.

Inventory:

Hand Weapons
 a - a +2 dagger
 u - a +2 vampiric dagger (weapon)
 z - a +1 short sword of protection
 G - the +4 dagger "Uwuopp" {vamp, *Corrode Will++}
   (You found it on level 5 of the Dungeon)

   *Corrode:  It may corrode you when you take damage.
   Will:      It greatly increases your willpower.
Missiles
 d - 16 poisoned darts (quivered)
 e - 5 curare-tipped darts
Armour
 b - a +0 robe (worn)
 c - a +1 cloak (worn)
 m - a scarf of harm
Jewellery
 r - a ring of positive energy (left hand)
 s - a +6 ring of strength (right hand)
 y - a ring of willpower
Wands
 x - a wand of charming (9)
 F - a wand of flame (15)
Scrolls
 j - a scroll of noise
 n - a scroll of immolation {unknown}
 o - a scroll of silence {unknown}
 p - a scroll of magic mapping {unknown}
 q - a scroll of enchant weapon {unknown}
 w - a scroll of identify
 E - a scroll of teleportation {unknown}
Potions
 f - 2 potions of berserk rage
 i - 4 potions of lignification
 l - 2 potions of degeneration {unknown}
 t - 2 potions of attraction {unknown}
 v - a potion of haste {unknown}
 A - 2 potions of might {unknown}
 B - a potion of mutation {unknown}
 C - a potion of invisibility {unknown}
 D - 2 potions of flight {unknown}


   Skills:
 - Level 2.1 Fighting
 + Level 7.3 Short Blades
 - Level 2.1 Throwing
 + Level 6.3 Dodging
 + Level 9.2 Stealth
 + Level 0.0 Invocations
 + Level 0.2 Evocations


You had 7 spell levels left.
You didn't know any spells.
Your spell library contained the following spells:

 Spells                   Type           Power      Damage    Failure   Level
 Shock                    Conj/Air       0%         1d3       26%         1
 Blink                    Tloc           0%         N/A       38%         2
 Cigotuvi's Dreadful Rot  Necr/Pois/Air  0%         N/A       38%         2
 Lesser Beckoning         Tloc           0%         N/A       38%         2
 Momentum Strike          Conj/Tloc      0%         3d8       38%         2
 Call Canine Familiar     Summ           0%         N/A       63%         3
 Inner Flame              Hex/Fire       0%         N/A       63%         3
 Portal Projectile        Hex/Tloc       0%         N/A       63%         3
 Swiftness                Air            0%         N/A       63%         3
 Tukima's Dance           Hex            0%         N/A       63%         3
 Airstrike                Air            0%         2d(0-16)  95%         4
 Dispel Undead            Necr           0%         3d6       95%         4
 Flame Wave               Conj/Fire      0%         2d4       95%         4
 Leda's Liquefaction      Hex/Erth       0%         N/A       95%         4
 Passage of Golubria      Tloc           0%         N/A       95%         4
 Sticky Flame             Conj/Fire      0%         2d3       95%         4
 Yara's Violent Unravell  Hex/Tmut       0%         3d3       100%        5
 Death Channel            Necr           0%         N/A       100%        6


Dungeon Overview and Level Annotations

Branches:
Dungeon (6/15)             Temple (1/1) D:5

Altars:
Ashenzari
Cheibriados
Dithmenos
Elyvilon
Fedhas
Gozag
Hepliaklqana
Kikubaaqudgha
Makhleb
Nemelex Xobeh
Okawaru
Qazlal
Ru
Sif Muna
Trog
Uskayaw
Vehumet
Wu Jian
Xom
Yredelemnul
Zin
The Shining One

Shops:
D:4 [


Innate Abilities, Weirdness & Mutations

You are small and have problems with some larger weapons.
You are completely attuned to the shadows.


Message History

You barely miss something. Something hits you but does no damage.
You closely miss something. You miss something. Something hits you.
Something barely misses you.
You hear some strange, mumbled words.
A puff of flame appears from out of thin air!
The puff of flame misses you. The orc priest closely misses you.
You hit the orc priest.
The orc priest is lightly wounded.
You hit the orc priest.
The orc priest is moderately wounded.
The orc priest hits you but does no damage.
You hit the orc priest but do no damage.
The orc priest is moderately wounded.
You hear some strange, mumbled words.
A puff of flame appears from out of thin air!
The puff of flame hits you!
* * * LOW HITPOINT WARNING * * *
The orc priest hits you with a +0 club.
* * * LOW HITPOINT WARNING * * *
You hit the orc priest.
You feel better.
The orc priest is moderately wounded.
You completely miss the orc priest.
The orc priest is moderately wounded.
You hear some strange, mumbled words.
Something tries to affect you, but you resist.
The orc priest misses you.
You barely miss the orc priest.
The orc priest is moderately wounded.
Something hits you.
* * * LOW HITPOINT WARNING * * *
You hit the orc priest but do no damage.
The orc priest is moderately wounded.
The orc priest hits you with a +0 club.
* * * LOW HITPOINT WARNING * * *
You feel better.
You hear some strange, mumbled words.
A puff of flame appears from out of thin air!
The puff of flame hits you!
You die...

######## ##......##
##........##
#<.........# #####
#..........####....
###.{................
#...@........###.####
#.#.o........##..#
...##............##
.###..........####
.............#
###..........#
#o..........#
.............#####
..##..............


You could see an orc priest.

Vanquished Creatures
  Menkaure (D:5)
  An ice beast (D:5)
  2 ogres
  A centaur (D:5)
  3 scorpions (D:5)
  An orc priest (D:5)
  A hound (D:4)
  An iguana (D:4)
  2 orc wizards
  9 adders
  2 worms
  2 dart slugs
  16 orcs
  7 endoplasms
  2 giant cockroaches
  4 goblins
  4 hobgoblins
  4 jackals (D:1)
  2 quokkas (D:1)
  5 ball pythons
  6 bats
  4 kobolds
  A rat (D:1)
81 creatures vanquished.

Vanquished Creatures (others)
  A fungus (D:5)
1 creature vanquished.

Grand Total: 82 creatures vanquished

Notes
Turn   | Place    | Note
-------+----------+-------------------------------------------
     0 | D:1      | Absynth the Kobold Brigand began the quest for the Orb.
     0 | D:1      | Reached XP level 1. HP: 12/12 MP: 1/1
   116 | D:1      | Reached XP level 2. HP: 7/17 MP: 2/2
   720 | D:1      | Reached XP level 3. HP: 21/21 MP: 3/3
  1040 | D:2      | Found a sacrificial altar of Ru.
  1181 | D:2      | Reached skill level 6 in Stealth
  1183 | D:2      | Reached XP level 4. HP: 26/26 MP: 4/4
  2234 | D:3      | Found an ornate altar of the Wu Jian Council.
  2500 | D:3      | Reached XP level 5. HP: 30/30 MP: 5/5
  2857 | D:4      | Found Azxuer's Armour Boutique.
  3421 | D:4      | Noticed an ogre
  3440 | D:4      | Killed an ogre
  3441 | D:4      | Reached skill level 5 in Short Blades
  3441 | D:4      | Reached skill level 7 in Stealth
  3441 | D:4      | Reached XP level 6. HP: 25/35 MP: 6/6
  3843 | D:5      | Entered Level 5 of the Dungeon
  3866 | D:5      | Reached XP level 7. HP: 40/40 MP: 7/7
  3902 | D:5      | Reached skill level 5 in Dodging
  3902 | D:5      | Reached skill level 8 in Stealth
  3922 | D:5      | Noticed Menkaure
  3924 | D:5      | Killed Menkaure
  4012 | D:5      | Identified the +4 dagger "Uwuopp" {vamp, *Corrode Will++}
  4135 | D:5      | Reached XP level 8. HP: 13/44 MP: 8/8
  4319 | D:5      | Found a blossoming altar of Fedhas.
  4449 | D:5      | Reached skill level 9 in Stealth
  4460 | D:5      | Found a staircase to the Ecumenical Temple.
  4466 | Temple   | Entered the Ecumenical Temple
  4648 | Temple   | Became a worshipper of Dithmenos the Shadowed
  6075 | D:6      | HP: 2/44 [orc priest/+0 club (5)]
  6076 | D:6      | Killed from afar by an orc wizard

Illustrated notes

Levels and vault maps discovered:
D:1:      lightli_arrival_flooded_house, layout_basic, serial_glass,
          glass_columns_b, glass_columns_b
D:2:      layout_basic, basic_altar, nicolae_figureground_pulse
D:3:      layout_loops_corners, nzn_wu_jian_contemplation, minmay_hedge_maze
D:4:      layout_rooms, serial_shops, shop_fountains, serial_co_window_serial,
          co_window_paths_a, co_window_of_opportunity_a, co_window_corner_a,
          co_window_paths_a, co_window_of_opportunity_a, co_window_broadway_c,
          co_window_corner_b, co_window_paths_c, glass_columns_c,
          glass_columns_a, glass_columns_b
D:5:      layout_gridville, fedhas_altar_3, minmay_temple_entry_poolview,
          uniq_menkaure
D:6:      corexii_shack_village, layout_rooms, serial_shops,
          nicolae_stop_n_shop_1, uniq_edmund, uniq_sigmund, uniq_maggie
Temple:   mainiacjoe_temple_big_plus

Skill      XL: |  1  2  3  4  5  6  7  8 |
---------------+-------------------------+-----
Short Blades   | 3 4 5 6 7 |  7.3
Dodging        | 2 3 4 5 6 |  6.3
Stealth        | 6 7 8 9 |  9.2
Fighting       | |  2.1
Throwing       | |  2.1
Evocations     | |  0.2

Action                   |  1- 3 |  4- 6 |  7- 9 || total
-------------------------+-------+-------+-------++-------
Melee: Dagger            |    85 |   114 |    27 ||   226
       Punch             |     1 |     1 |     1 ||     3
       Short sword       |       |    15 |    94 ||   109
Throw: Dart              |     3 |    27 |    12 ||    42
  Use: Scroll            |       |       |     4 ||     4
       Potion            |       |       |     4 ||     4
 Stab: Sleeping          |     9 |    17 |     6 ||    32
       Distracted        |       |     2 |       ||     2
Armor: Robe              |    13 |    11 |    27 ||    51
       Skin              |       |       |    16 ||    16
Dodge: Dodged            |    63 |    59 |    65 ||   187

Table legend: (Time is in decaauts)
 A = Elapsed time spent in this place.
 B = Non-inter-level travel time spent in this place.
 C = Inter-level travel time spent in this place.
 D = Time resting spent in this place.
 E = Time spent auto-exploring this place.
 F = Levels seen in this place.
 G = Mean time per level.
                   A        B        C        D        E       F      G
               +--------+--------+--------+--------+--------+-----+--------+
         Total |   5989 |   5801 |    188 |    568 |   4314 |   7 |  855.6 |
       Dungeon |   5477 |   5310 |    167 |    568 |   3845 |   6 |  912.8 |
        Temple |    511 |    490 |     21 |      0 |    469 |   1 |  511.0 |
               +--------+--------+--------+--------+--------+-----+--------+

Top non-repeatable levels by time:
     D:5: 1435 daAuts
     D:3: 1309 daAuts
     D:4: 1103 daAuts
     D:1: 1049 daAuts
  Temple: 511 daAuts
     D:2: 495 daAuts
     D:6: 84 daAuts
